 Dungeon Crawl Stone Soup version 0.27.1-1-g398f81649c (webtiles) character file.

Game seed: 13272052414740315957

449 Descartes the Covert (level 6, -6/30 HPs)
             Began as a Felid Delver on Sept 18, 2021.
             Mangled by Duvessa (20 damage)
             ... on level 5 of the Dungeon.
             The game lasted 00:11:03 (7468 turns).

Descartes the Covert (Felid Delver)                 Turns: 7468, Time: 00:11:04

Health: -6/30      AC:  2    Str: 10    XL:     6   Next: 74%
Magic:  11/11      EV: 21    Int: 11    God:
Gold:   282        SH:  0    Dex: 18    Spells: 6/10 levels left
                                        Lives:  0   Deaths: 2

rFire    . . .     SeeInvis +     - Unarmed
rCold    . . .     Faith    .   (shield unavailable)
rNeg     . . .     Spirit   .   (armour unavailable)
rPois    .         Reflect  .   (helmet unavailable)
rElec    .         Harm     .   (cloak unavailable)
rCorr    .         Rampage  .   (gloves unavailable)
Will     .....                  (boots unavailable)
Stlth    ++++......             n - amulet of regeneration
HPRegen  1.10/turn              (no ring)
MPRegen  0.12/turn              (no ring)

@: quick
A: very small, claws 1, fangs 3, see invisible, speed 1, shaggy fur 2, stealthy
paws, no weapons or thrown items, no armour, multi-lived
a: no special abilities


You were on level 5 of the Dungeon.
You visited 2 branches of the dungeon, and saw 7 of its levels.

You collected 282 gold pieces.

Inventory:

Jewellery
 n - an amulet of regeneration (around neck)
 s - an amulet of guardian spirit
 v - a ring of flight
Wands
 e - a wand of digging (2)
 r - a wand of mindburst (10)
Scrolls
 a - 3 scrolls of fog
 c - 2 scrolls of fear
 f - a scroll of holy word {unknown}
 g - a scroll of enchant armour {unknown}
 h - 2 scrolls of noise {unknown}
 j - a scroll of teleportation {unknown}
 m - a scroll of blinking {unknown}
 q - a scroll of identify {unknown}
 t - 2 scrolls of magic mapping
Potions
 b - a potion of attraction {unknown}
 d - 5 potions of haste
 i - 2 potions of flight {unknown}
 k - a potion of brilliance {unknown}
 l - a potion of invisibility {unknown}
 o - 3 potions of heal wounds {unknown}
 p - a potion of resistance {unknown}
 u - a potion of curing {unknown}


   Skills:
 + Level 5.2 Fighting
 + Level 6.4 Dodging
 + Level 9.0 Stealth
 + Level 4.8 Unarmed Combat
 + Level 2.7 Spellcasting
 - Level 3.0 Hexes
 - Level 3.0 Transmutations
 + Level 2.9 Poison Magic


You had 6 spell levels left.
You knew the following spells:

 Your Spells              Type           Power      Damage    Failure   Level
a - Sting                 Tmut/Pois      32%        1d4       8%          1
b - Confusing Touch       Hex            8%         N/A       24%         3

Your spell library contained the following spells:

 Spells                   Type           Power      Damage    Failure   Level
 Slow                     Hex            8%         N/A       12%         2
 Poisonous Vapours        Pois/Air       8%         N/A       22%         2
 Olgreb's Toxic Radiance  Pois           8%         N/A       63%         4
 Yara's Violent Unravell  Hex/Tmut       4%         3d4       91%         5


Dungeon Overview and Level Annotations

Branches:
Dungeon (6/15)             Temple (1/1) D:4

Altars:
Ashenzari
Cheibriados
Elyvilon
Fedhas
Gozag
Hepliaklqana
Kikubaaqudgha
Makhleb
Nemelex Xobeh
Okawaru
Qazlal
Ru
Sif Muna
Trog
Uskayaw
Vehumet
Xom
Zin
The Shining One

Annotations:
D:4 3 runed translucent doors, Jabberih's ghost, amateur OpTm
D:5 Duvessa


Innate Abilities, Weirdness & Mutations

You have sharp claws.
You have razor-sharp teeth.
You have supernaturally acute eyesight. (SInv)
You cover ground quickly. (Speed+)
You are covered in thick fur. (AC +2)
Your paws help you pounce on unaware monsters.
You are incapable of wielding weapons or throwing items.
You cannot wear armour.
You gain extra lives every three experience levels.


Message History

There is an open door here.
An adder comes into view.
The helpless Dowan fails to defend himself.
You eviscerate Dowan!!!
You kill Dowan!
Duvessa screams, "No!
How DARE you!"
Duvessa goes berserk!
The adder hisses angrily.
Your life force feels restored.
There is an open door here.
You scratch Duvessa but do no damage. You bite Duvessa, but do no damage.
Duvessa completely misses you.
Duvessa hits you with a +1 vampiric short sword.
You claw Duvessa! Your bite misses Duvessa.
Duvessa is lightly wounded.
Duvessa completely misses you. The adder bites you.
You are poisoned.
The adder poisons you!
You feel sick.
You feel sick.
Duvessa rages.
Duvessa hits you with a +1 vampiric short sword.
You feel sick.
You feel sick.
You feel sick.
You feel sick.
Duvessa hits you with a +1 vampiric short sword!
Duvessa draws strength from your wounds!
You feel sick.
You are no longer poisoned.
Duvessa rages.
There is a stone staircase leading up here.
Duvessa closely misses you. Duvessa barely misses you.
You climb upwards.
There is a stone staircase leading down here.
Duvessa hits you with a +1 vampiric short sword!
* * * LOW HITPOINT WARNING * * *
Duvessa hits you with a +1 vampiric short sword!!
Ouch! That really hurt!
You die...

............#
#.<.....#.####.##.#
####...####.#
#.........#[......# #
##.## #.#
#.[......##........
####### #.#
#........##.##..... ....#
#.# #.##.###.##.#######
###.# #.# #.##.###.##.# #
#.# #.# #.##........# #.#
#.# #..#.###.##.# #.# #.#
##@#.....##.# #.# #.#
#e#.######.# #.# #.#
#.#........#
#.#######.####.#.########
#......##........#
######.#######.#.# #.#
##...#.# #.# ##......#
#.###.......####


You could see Duvessa (berserk).

Vanquished Creatures
  A water moccasin (D:6)
  2 black bears
  An ogre (D:4)
  2 necrophages
  A centaur (D:4)
  An ice beast (D:6)
  A phantom (D:4)
  Blork the orc (D:6)
  A scorpion (D:6)
  A wyvern zombie (D:5)
  Dowan (D:6)
  A bullfrog zombie (D:5)
  A hound (D:5)
  A jelly (D:6)
  2 orc priests (D:5)
  2 centaur skeletons
  3 orc wizards
  A killer bee zombie (D:5)
  2 hound skeletons
  A howler monkey skeleton (D:5)
  A howler monkey zombie (D:5)
  A gnoll (D:1)
  7 adders
  2 river rats (D:5)
  A white imp (D:6)
  2 worms
  2 dart slugs
  7 orcs
  5 endoplasms
  A giant cockroach (D:1)
  9 hobgoblins
  3 jackals (D:3)
  11 kobolds
  4 quokkas
  7 ball pythons
  7 bats
  3 frilled lizards
  10 goblins
  6 rats
116 creatures vanquished.

Vanquished Creatures (others)
  A hound skeleton (D:4)
  A jackal skeleton (D:4)
2 creatures vanquished.

Grand Total: 118 creatures vanquished

Notes
Turn   | Place    | Note
-------+----------+-------------------------------------------
     0 | D:5      | Descartes the Felid Delver began the quest for the Orb.
     0 | D:5      | Reached XP level 1. HP: 10/10 MP: 2/2
    12 | D:5      | Reached XP level 2. HP: 8/14 MP: 3/3
   199 | D:5      | Reached skill level 7 in Stealth
   199 | D:5      | Reached XP level 3. HP: 17/17 MP: 4/4
   279 | D:4      | Noticed a phantom
   289 | D:4      | Found a staircase to the Ecumenical Temple.
   299 | Temple   | Entered the Ecumenical Temple
  1063 | D:3      | Reached XP level 4. HP: 21/21 MP: 5/5
  1606 | D:1      | Found a faded altar of an unknown god.
  3111 | D:2      | Reached XP level 5. HP: 20/25 MP: 6/6
  3238 | D:3      | Learned a level 1 spell: Sting
  3459 | D:3      | Learned a level 3 spell: Confusing Touch
  3579 | D:3      | Found a burning altar of Makhleb.
  3579 | D:3      | Noticed an Executioner
  3717 | D:3      | Found a blossoming altar of Fedhas.
  4085 | D:4      | Noticed a necrophage
  4085 | D:4      | Noticed an ogre
  4085 | D:4      | Noticed a necrophage
  4102 | D:3      | Killed a necrophage
  4103 | D:3      | Reached skill level 1 in Hexes
  4103 | D:3      | Gained mutation: You are covered in thick fur. (AC +2)
                  | [Felid growth]
  4103 | D:3      | Reached XP level 6. HP: 17/28 MP: 7/7
  4117 | D:4      | Reached skill level 1 in Transmutations
  4117 | D:4      | Reached skill level 1 in Poison Magic
  4122 | D:4      | Reached skill level 5 in Dodging
  4122 | D:4      | Reached skill level 1 in Spellcasting
  4197 | D:4      | Reached skill level 8 in Stealth
  4197 | D:4      | Reached XP level 7. HP: 29/33 MP: 9/9
  4267 | D:4      | Found a stormy altar of Qazlal.
  4336 | D:4      | Found a runed translucent gate.
  4336 | D:4      | Found a runed translucent gate.
  4338 | D:4      | Found a runed translucent gate.
  4338 | D:4      | Found an opulent altar of Gozag.
  4342 | D:4      | Noticed a two-headed ogre
  4342 | D:4      | Noticed Jabberih's ghost (amateur OpTm)
  5747 | D:5      | Reached XP level 8. HP: 13/36 MP: 6/12
  5987 | D:5      | Found a sparkling altar of Nemelex Xobeh.
  5987 | D:5      | Found a shimmering altar of Xom.
  5988 | D:5      | Found a shimmering blue altar of Sif Muna.
  5991 | D:5      | Found a bloodstained altar of Trog.
  6525 | D:6      | Noticed Blork the orc
  6536 | D:6      | Killed Blork the orc
  6537 | D:6      | Reached skill level 5 in Fighting
  7063 | D:6      | HP: 1/37 [poisoned by a water moccasin]
  7064 | D:6      | Reached skill level 9 in Stealth
  7064 | D:6      | Succumbed to a water moccasin's poison
  7065 | D:6      | Reached XP level 7. HP: -1/33 MP: 3/12
  7138 | D:6      | Killed from afar by an orc wizard
  7139 | D:6      | Reached XP level 6. HP: -2/30 MP: 0/11
  7139 | D:6      | Found a snail-covered altar of Cheibriados.
  7440 | D:6      | Noticed Duvessa
  7441 | D:6      | Noticed Dowan
  7444 | D:6      | Killed Dowan
  7468 | D:5      | Mangled by Duvessa

Illustrated notes

Levels and vault maps discovered:
D:1:      minmay_arrival_stone_box, layout_basic,
          hellmonk_ecumenical_altar_run_dry
D:2:      layout_basic, nrook_mini_vaults, lightli_corner_chamber
D:3:      minmay_recursive_quarters, layout_basic, makhleb_altar_promises_db,
          mainiacjoe_overflow_six_doors_small, minivault_4,
          amcnicky_mini_pool_small, minmay_fractal_squares_gapless_5
D:4:      layout_rooms, grunt_qazlal_clouds, minmay_temple_entry_trees,
          ebering_ghost_gozag
D:5:      layout_loops_ring, minitemple, cheibrodos_sewer_entry_sluice
D:6:      layout_gridville, general_overflow_altar, uniq_duvessa,
          uniq_blork_the_orc
Temple:   minmay_freezing_vapour_temple

Skill      XL: |  1  2  3  4  5  6  7  8 |
---------------+-------------------------+-----
Dodging        | 3 4 5 6 |  6.4
Stealth        | 7 8 9 |  9.0
Unarmed Combat | 3 4 |  4.8
Fighting       | 4 5 |  5.2
Hexes          | 1 2 3 |  3.0
Transmutations | 1 2 3 |  3.0
Poison Magic   | 1 2 |  2.9
Spellcasting   | 1 2 |  2.7

Action                   |  1- 3 |  4- 6 |  7- 9 || total
-------------------------+-------+-------+-------++-------
Melee: Unarmed           |    37 |   276 |   189 ||   502
       Bite              |     6 |    23 |    21 ||    50
       Punch             |       |     2 |     2 ||     4
 Cast: Sting             |       |     3 |       ||     3
Evoke: Wand              |       |     3 |       ||     3
  Use: Scroll            |       |       |     1 ||     1
 Stab: Sleeping          |     3 |    17 |    13 ||    33
       Distracted        |       |     2 |       ||     2
Armor: Skin              |     3 |     9 |     9 ||    21
Dodge: Dodged            |    48 |   202 |   191 ||   441
